Map: Backwater LE

Players

ChikN - Winner!

  • Race: Terran Terran
  • League: Silver
  • Spawn Location: 5:00

Quickfire

  • Race: Terran Terran
  • League: Silver
  • Spawn Location: 11:00

VOD

Have the link to the VOD?

Description

Time

  • Played on: Feb. 10, 2018, 5:18 p.m.
  • Length: 26:26
Show
View Real Time Build Order
Export as new Build Order

ChikN Terran - Winner!

Build Orders:  

Get SALT Encoding   

  12  0:00  SCV  
  13  0:13  SCV  
  14  0:17  Supply Depot  
  14  0:25  SCV  
  15  0:29  Refinery  
  15  0:39  SCV  
  15  0:42  Barracks  
  16  0:51  SCV  
  17  1:05  SCV  
  18  1:30  Orbital Command  
  18  1:35  Supply Depot  
  18  1:38  Command Center  
  18  1:47  Refinery  
  18  1:48  Marine  
  19  1:59  SCV  
  19  2:23  Refinery, SCV  
  20  2:35  SCV  
  20  2:36  Barracks Reactor  
  21  2:48  SCV  
  22  3:10  Supply Depot  
  22  3:14  Factory  
  22  3:16  SCV  
  22  3:19  Marine  
  23  3:20  Marine  
  25  3:28  SCV  
  25  3:33  Engineering Bay  
  26  3:35  Supply Depot, SCV  
  26  3:38  Marine x2  
  26  3:40  SCV  
  30  3:47  SCV  
  31  3:50  Engineering Bay  
  31  3:53  Engineering Bay  
  28  3:56  Marine x2  
  28  4:06  Planetary Fortress  
  28  4:13  Marine  
  28  4:14  Marine  
  28  4:25  Factory Tech Lab  
  28  4:28  Starport  
  28  4:29  Terran Infantry Weapons Level 1  
  27  4:31  Marine x2  
  29  4:49  Marine x2  
  29  4:52  Terran Infantry Armor Level 1  
  31  5:03  Supply Depot  
  31  5:04  Barracks  
  31  5:06  SCV x2  
  33  5:07  Marine x2  
  33  5:12  Siege Tank  
  38  5:22  Medivac  
  38  5:25  Refinery, SCV x2, Marine x2  
  44  5:42  Hi-Sec Auto Tracking, Marine  
  44  5:43  Marine  
  44  5:45  Widow Mine  
  48  6:00  Marine  
  48  6:01  Marine  
  48  6:02  Barracks Tech Lab  
  50  6:05  Supply Depot  
  50  6:06  SCV x2  
  52  6:18  SCV x2, Marine, Siege Tank  
  57  6:21  Medivac  
  60  6:30  Refinery, SCV x2  
  60  6:32  Marine x2  
  62  6:36  Supply Depot, Marine  
  65  6:42  SCV  
  66  6:48  SCV  
  66  6:51  Marauder, Medivac  
  71  7:07  Armory  
  71  7:10  Missile Turret  
  71  7:12  Marauder  
  71  7:15  Missile Turret  
  73  7:16  SCV  
  74  7:27  Marine x2  
  74  7:29  Liberator  
  74  7:32  Missile Turret  
  74  7:33  Marine  
  74  7:36  Missile Turret  
  75  7:38  Starport  
  75  7:45  Marine x2  
  80  7:56  SCV  
  81  8:01  Stimpack  
  81  8:11  Terran Infantry Armor Level 2  
  81  8:12  Liberator  
  81  8:15  Supply Depot  
  81  8:22  Missile Turret  
  86  8:34  Widow Mine  
  86  8:49  Barracks  
  86  8:51  Barracks  
  86  8:55  Liberator, Widow Mine  
  88  9:12  SCV x2  
  93  9:25  Command Center  
  93  9:31  SCV  
  94  9:49  Supply Depot  
  94  9:52  Supply Depot  
  94  9:59  Fusion Core  
  94  10:01  Starport Tech Lab  
  94  10:02  Combat Shields  
  94  10:08  Starport Tech Lab  
  94  10:10  Supply Depot, SCV x2, Marine x3  
  94  10:12  Supply Depot  
  99  10:14  Supply Depot  
  99  10:23  SCV x2  
  99  10:28  Marine x3  
  101  10:29  Marine x2  
  101  10:35  SCV x2  
  108  10:38  Thor  
  114  10:45  SCV  
  114  10:46  Marine x4  
  114  10:47  SCV x2, Marine  
  117  10:57  SCV  
  117  10:58  Viking x2  
  117  11:03  SCV  
  117  11:04  Marine x2  
  124  11:12  Terran Infantry Weapons Level 2  
  124  11:16  Terran Infantry Armor Level 3  
  124  11:18  SCV  
  125  11:28  Viking  
  125  11:29  Terran Ship Weapons Level 1  
  127  11:44  Missile Turret  
  123  11:52  Battlecruiser  
  129  11:56  SCV  
  129  11:58  Battlecruiser  
  136  12:05  Missile Turret  
  136  12:19  Marine  
  136  12:20  Marine x2  
  136  12:21  SCV x2  
  141  12:26  Missile Turret  
  138  12:46  SCV x2  
  138  12:51  Marine x5  
  145  12:59  Supply Depot  
  145  13:03  Supply Depot  
  145  13:05  Refinery  
  145  13:08  Marine  
  146  13:16  SCV x2  
  149  13:24  Battlecruiser  
  155  13:28  Planetary Fortress  
  154  13:44  Marine x3  
  157  13:48  Supply Depot  
  157  13:56  Supply Depot x2  
  157  14:10  Battlecruiser, Marine x2  
  157  14:12  Supply Depot, Terran Infantry Weapons Level 3  
  157  14:16  Terran Ship Weapons Level 2  
  165  14:17  SCV x2, Marine x3  
  170  14:28  Viking, Marine  
  170  14:29  Thor  
  179  14:32  Marine  
  179  14:35  Marine x3  
  183  14:40  Weapon Refit  
  183  14:45  Marine  
  183  14:50  Marine  
  185  14:53  Marine x3  
  188  15:03  Marine  
  188  15:06  Battlecruiser  
  189  15:10  Supply Depot  
  189  15:28  Refinery  
  189  15:31  SCV x2, Thor  
  189  15:33  Supply Depot  
  197  15:41  Command Center  
  197  15:51  Supply Depot  
  197  15:55  SCV x2, Marine, Starport  
  197  15:56  Starport  
  200  16:05  Refinery  
  200  16:13  Supply Depot  
  200  16:22  Battlecruiser, SCV  
  181  16:31  Refinery  
  156  16:34  Marine x5  
  157  16:45  Thor  
  163  16:48  SCV x3  
  163  16:51  Marine  
  163  16:52  Marine x4  
  171  17:03  Medivac  
  173  17:09  Marine x2  
  173  17:10  Marine x3  
  178  17:19  Starport Tech Lab  
  178  17:22  Starport Tech Lab  
  178  17:26  Viking  
  178  17:27  Marine x3  
  178  17:28  Thor, Marine x2  
  187  17:33  Medivac  
  151  17:45  Marine x4  
  151  17:46  Marine  
  144  17:56  Viking  
  133  18:03  Medivac, Marine x5  
  140  18:06  Battlecruiser x2  
  140  18:11  Thor  
  152  18:21  Marine x5  
  152  18:26  Medivac  
  139  18:38  Marine x2  
  139  18:39  Marine x3  
  111  18:53  Thor  
  115  18:56  Marine x3  
  115  18:57  Marine x2  
  107  19:14  Marine x4  
  107  19:15  Marine  
  95  19:32  Marine x5  
  95  19:36  Thor  
  98  19:44  SCV x3  
  100  19:50  Marine x5  
  105  20:07  Marine  
  105  20:08  Marine x4  
  110  20:19  Thor  
  116  20:25  Marine x2  
  116  20:26  Marine x3  
  121  20:32  SCV x2  
  121  20:33  SCV x2  
  125  20:43  Marine x4  
  125  20:44  Marine  
  130  20:58  SCV x2  
  130  21:01  Marine x4  
  130  21:02  Thor, Marine  
  131  21:19  Marine x5  
  131  21:36  Marine  
  131  21:37  Marine x4  
  136  21:42  Missile Turret  
  136  21:45  Thor  
  142  21:47  Orbital Command  
  142  21:54  Marine x2  
  142  21:55  Marine x3  
  134  22:12  Marine x3  
  134  22:13  Marine x2  
  139  22:27  Thor  
  145  22:30  Marine x4  
  145  22:31  Missile Turret x2, Marine  
  148  22:48  Marine x5  
  135  23:06  Marine x5  
  135  23:10  Thor  
  145  23:23  Marine x2  
  145  23:24  Marine x3  
  138  23:41  Marine x3  
  138  23:42  Marine x2  
  137  23:53  Thor  
  139  23:59  Marine x4  
  139  24:00  Marine  
  131  24:17  Marine x4  
  131  24:18  Marauder  
  130  24:35  Marine x4  
  130  24:36  Thor  
  139  24:39  Marine  
  140  24:51  Missile Turret  
  140  24:52  Marine, Missile Turret  
  140  24:53  Marine x3  
  140  24:55  Missile Turret  
  140  24:57  Marine  
  142  25:10  Marine x2  
  142  25:11  Marine x2  
  139  25:14  Marine  
  139  25:19  Thor  
  144  25:28  Marine x4  
  140  25:32  Marine  
  136  25:46  Marine x4  
  131  25:50  Marine  
  131  25:53  SCV  
  131  25:54  SCV x2  
  135  26:04  Marine x4  
  141  26:08  Marine  
  146  26:25  Command Center  
Show
View Real Time Build Order
Export as new Build Order

Quickfire Terran 

Build Orders:  

Get SALT Encoding   

  12  0:02  SCV  
  13  0:18  Supply Depot  
  13  0:26  Supply Depot, SCV  
  14  0:41  Barracks  
  14  0:45  SCV  
  15  0:59  Refinery  
  15  1:00  SCV  
  16  1:13  Refinery  
  16  1:15  SCV  
  17  1:27  SCV  
  17  1:30  Marine  
  19  1:47  Marine  
  20  2:05  Marine  
  21  2:13  SCV  
  22  2:23  Marine  
  22  2:25  SCV  
  24  2:37  SCV  
  24  2:41  Marine  
  26  2:49  SCV  
  27  2:52  Bunker  
  27  2:59  Marine  
  27  3:01  SCV  
  28  3:17  Marine  
  28  3:19  SCV  
  30  3:31  Command Center, SCV  
  31  3:36  Bunker  
  31  3:50  Supply Depot  
  31  3:59  Marine  
  31  4:12  Supply Depot  
  31  4:16  Marine  
  30  4:34  Marine  
  29  4:52  Marine  
  30  4:57  SCV, Factory  
  30  4:59  Factory  
  31  5:04  SCV  
  32  5:09  SCV  
  32  5:10  Marine  
  34  5:16  SCV  
  34  5:21  SCV  
  36  5:28  SCV, Marine  
  37  5:33  SCV  
  39  5:40  SCV  
  40  5:45  SCV  
  41  5:50  Factory Tech Lab x2  
  41  5:53  Refinery, SCV  
  41  5:55  Refinery  
  42  5:57  SCV  
  43  6:05  SCV  
  43  6:07  Barracks Tech Lab  
  43  6:09  SCV, Siege Tank  
  43  6:10  Siege Tank  
  51  6:17  SCV  
  52  6:21  SCV  
  53  6:28  Supply Depot x2  
  53  6:29  SCV  
  53  6:31  Supply Depot  
  54  6:41  Siege Tank  
  54  6:42  Siege Tank  
  60  6:48  SCV  
  60  6:50  SCV  
  60  6:51  Supply Depot  
  62  6:55  Supply Depot  
  62  6:57  Supply Depot  
  62  7:00  SCV  
  63  7:02  SCV  
  64  7:24  Engineering Bay  
  64  7:25  Engineering Bay  
  64  7:28  Armory  
  64  7:32  Marauder  
  66  7:53  Marine  
  66  7:54  Siege Tank x2  
  66  7:57  Orbital Command  
  73  7:59  Orbital Command  
  73  8:11  Marauder  
  75  8:18  Terran Infantry Weapons Level 1  
  75  8:19  Terran Infantry Armor Level 1  
  75  8:23  Command Center  
  75  8:26  Terran Vehicle And Ship Armor Level 1  
  75  8:32  Starport x2, Marine  
  76  8:34  Starport  
  76  8:41  Thor x2  
  88  8:50  Marauder  
  90  9:11  Marine  
  90  9:14  Medivac x3  
  97  9:24  Siege Tank x2  
  97  9:29  Marauder  
  105  9:40  Fusion Core  
  105  9:42  Armory  
  105  9:50  Marine  
  106  9:53  Viking x3  
  112  10:01  Refinery  
  112  10:08  SCV x2  
  112  10:09  Marauder  
  116  10:20  SCV x2  
  118  10:32  SCV x2  
  109  10:44  SCV x2  
  110  10:56  SCV x2  
  110  11:13  Missile Turret  
  110  11:14  Missile Turret x2  
  110  11:23  Missile Turret  
  110  11:25  Missile Turret  
  108  11:27  Missile Turret  
  108  11:29  Missile Turret  
  108  11:46  Missile Turret  
  108  11:51  SCV  
  109  12:02  Missile Turret  
  109  12:03  SCV  
  110  12:13  Siege Tank x2  
  110  12:15  SCV  
  117  12:19  Starport Tech Lab x2  
  117  12:20  Starport Tech Lab  
  117  12:22  Missile Turret  
  117  12:27  SCV  
  118  12:39  Refinery, SCV  
  118  12:42  Refinery  
  118  12:43  Missile Turret  
  119  12:45  Thor  
  125  12:54  Command Center  
  125  13:04  Missile Turret  
  125  13:24  Missile Turret  
  125  13:46  Missile Turret  
  125  14:04  Supply Depot  
  125  14:05  Viking x3  
  125  14:06  Refinery, Supply Depot  
  131  14:13  Terran Vehicle And Ship Armor Level 2, Terran Ship Weapons Level 1  
  131  14:15  Terran Infantry Weapons Level 2  
  131  14:16  Terran Infantry Armor Level 2  
  131  14:24  SCV x2  
  133  14:26  SCV  
  133  14:28  Supply Depot  
  133  14:29  Supply Depot  
  134  14:36  SCV x2  
  136  14:39  SCV x2  
  138  14:46  Viking x2  
  138  14:48  SCV x2  
  138  14:51  SCV  
  138  14:52  Supply Depot x2  
  142  15:00  SCV x2  
  142  15:03  SCV  
  140  15:12  SCV x2  
  139  15:15  SCV  
  140  15:35  Marine  
  141  15:43  Battlecruiser  
  141  15:44  Battlecruiser x2  
  159  15:53  Marauder  
  161  16:11  Refinery, Command Center  
  161  16:14  Refinery, Marine  
  150  16:32  Marauder  
  138  16:53  Marine  
  139  16:59  Battlecruiser x3  
  157  17:02  Terran Infantry Weapons Level 3, Terran Infantry Armor Level 3  
  157  17:05  Terran Ship Weapons Level 2  
  157  17:10  Terran Vehicle And Ship Armor Level 3  
  157  17:21  Siege Tank  
  160  17:27  Siege Tank  
  108  18:35  Battlecruiser  
  108  18:49  SCV  
  109  19:02  SCV  
  98  19:14  SCV  
  81  19:26  SCV  
  82  19:38  SCV  
  77  19:43  Battlecruiser x3  
  68  20:47  Battlecruiser  
  68  20:48  Battlecruiser x2  
  12  24:32  Battlecruiser x2  
Tags
 
Matchup
TvT
Race
Terran
Spawn Locations
Cross Positions
Add a new tag
Caveats
  • Supply blocks, unpowered buildings, or Contaminate may cause inaccurate times.
  • Supply counts are checked every 10 seconds.